 Dungeon Crawl Stone Soup version 0.31-a0-1227-g0136665373 (webtiles) character file.

Game seed: 6595386648122078481

28 Daunt the Vexing (level 2, 0/34 HPs)
             Began as a Draconian Hexslinger on Dec 14, 2023.
             Killed from afar by a dart slug (6 damage)
             ... with a slug dart
             ... on level 1 of the Dungeon.
             The game lasted 00:02:37 (349 turns).

Daunt the Vexing (Draconian Hexslinger)              Turns: 349, Time: 00:02:37

Health: 0/34       AC: 21    Str: 10    XL:     2   Next: 96%
Magic:  3/5        EV:  2    Int: 13    God:
Gold:   46         SH:  0    Dex: 13    Spells: 3/5 levels left

rFire   . . .        a - +1 sling
rCold   . . .        (no shield)
rNeg    + . .        (body armour unavailable)
rPois   +            (helmet currently unavailable)
rElec   .            (cloak currently unavailable)
rCorr   .            (gloves currently unavailable)
SInv    .            (boots currently unavailable)
Will    .....        (no amulet)
Stlth   +            e - ring of positive energy
HPRegen 0.25/turn    (no ring)
MPRegen 0.09/turn

%: no passive effects
@: tree-form, weak-willed
A: stationary, stasis, torment immunity, boosted hp, AC +4, unfitting armour,
(cold-blooded)
a: no special abilities


You were on level 1 of the Dungeon.
You were a tree.
You visited 1 branch of the dungeon, and saw 1 of its levels.

You collected 46 gold pieces.

Inventory:

Hand Weapons
 a - a +1 sling (weapon)
Missiles
 d - 12 stones
Jewellery
 e - a ring of positive energy (left branch)
Scrolls
 b - a scroll of poison
 c - a scroll of fear {unknown}
 g - a scroll of amnesia {unknown}
 h - a scroll of identify {unknown}


   Skills:
 - Level 1.1 Fighting
 - Level 1.7 Ranged Weapons
 - Level 1.7 Dodging
 - Level 2.0 Spellcasting
 + Level 3.3 Hexes
 - Level 1.0 Fire Magic


You had 3 spell levels left.
You knew the following spells:

 Your Spells              Type           Power      Damage    Failure   Level
a - Jinxbite              Hex            18%        N/A       10%         2

Your spell library contained the following spells:

 Spells                   Type           Power      Damage    Failure   Level
 Sigil of Binding         Hex            9%         N/A       19%         3
 Inner Flame              Hex/Fire       6%         N/A       30%         3
 Cause Fear               Hex            4%         N/A       54%         4
 Dimensional Bullseye     Hex/Tloc       2%         N/A       77%         4


Dungeon Overview and Level Annotations

Branches:
Dungeon (1/15) Zot: 5623

Altars:


Innate Abilities, Weirdness & Mutations

You are a tree.
Your roots penetrate the ground, keeping you stationary.
You cannot be teleported.
You are immune to unholy pain and torment.
Your maximum health is greatly increased.
Your equipment is partially melded.
((Your plain brown scales are hard. (AC +4)))
You cannot fit into any form of body armour.
((You are cold-blooded and may be slowed by cold attacks.))


Message History

Fire: a) +1 sling
Press: ? - help, Q - select action, (/) - cycle Shift-Dir - straight line, p - dart slug You shoot a sling bullet.
The jackal barks!
The sling bullet hits the jackal.
The jackal is severely wounded.
The jackal bites you but does no damage. x2
The quokka bites you but does no damage.
The jackal bites you but does no damage. x2
The quokka bites you but does no damage.
Unknown command.
Unknown command.
Unknown command.
Fire: a) +1 sling
Press: ? - help, Q - select action, (/) - cycle Shift-Dir - straight line, f - jackal
Aim: a jackal (45% to hit)
You shoot a sling bullet.
The sling bullet closely misses the jackal.
The sling bullet hits the dart slug.
The dart slug is lightly wounded.
The jackal bites you but does no damage. x2
The quokka bites you.
* * * LOW HITPOINT WARNING * * *
The jackal bites you but does no damage.
Unknown command.
Unknown command.
Unknown command.
Unknown command.
You aren't carrying any potions.
Unknown command.
Okay, then.
Unknown command.
Fire: a) +1 sling
Press: ? - help, Q - select action, (/) - cycle Shift-Dir - straight line, p - jackal You shoot a sling bullet.
The sling bullet hits the jackal.
You kill the jackal!
The quokka bites you but does no damage.
The dart slug launches a dart at you. The slug dart hits you.
You die...

...#.#............##.##
.......######.##..###.###
...#.#....# #.##..# ##..### ##
........#.###.###.###.##..######.
#########......##......###......#
#####..........'.########
......†#.........##........ ##
.......##r.......########## .##
.........h♣####### ..##
........÷#†l# ...# ........##hw#
...# .......# #h.. ...# .......
##..$ ..## ..... ##.. ..## )....
#.. ...##....> ... ......#


You could see a dart slug, a quokka, 3 jackals and a frilled lizard.

Vanquished Creatures
  A dart slug (D:1)
  A ball python (D:1)
  An endoplasm (D:1)
  A giant cockroach (D:1)
  4 hobgoblins (D:1)
  4 jackals (D:1)
  A kobold (D:1)
  A quokka (D:1)
  4 bats (D:1)
  A frilled lizard (D:1)
  3 goblins (D:1)
22 creatures vanquished.

Notes
Turn   | Place    | Note
-------+----------+-------------------------------------------
     0 | D:1      | Daunt the Draconian Hexslinger began the quest for the Orb.
     0 | D:1      | Reached XP level 1. HP: 16/16 MP: 2/2
    99 | D:1      | Reached skill level 3 in Hexes
   116 | D:1      | Reached XP level 2. HP: 21/23 MP: 2/4
   138 | D:1      | Learned a level 2 spell: Jinxbite
   349 | D:1      | Killed from afar by a dart slug

Illustrated notes

Levels and vault maps discovered:
D:1:      dpeg_arrival_solitude, layout_rooms, serial_glass, glass_columns_c,
          glass_columns_b, glass_columns_a, due_unseen_surprise,
          item_on_display_a

Skill      XL: |  1  2 |
---------------+-------+-----
Hexes          | 3 |  3.3
Spellcasting   | 2 |  2.0
Fighting       | |  1.1
Ranged Weapons | |  1.7
Dodging        | |  1.7
Fire Magic     | |  1.0

Action                     || total
---------------------------++-------
   Fire: Sling             ||    83
   Cast: Jinxbite          ||     1
    Use: Potion            ||     1
 Armour: Skin              ||    72
  Dodge: Dodged            ||    68

Table legend: (Time is in decaauts)
 A = Elapsed time spent in this place.
 B = Non-inter-level travel time spent in this place.
 C = Inter-level travel time spent in this place.
 D = Time resting spent in this place.
 E = Time spent auto-exploring this place.
 F = Levels seen in this place.
 G = Mean time per level.
                   A        B        C        D        E       F      G
               +--------+--------+--------+--------+--------+-----+--------+
         Total |    374 |    374 |      0 |     67 |    168 |   1 |  374.0 |
       Dungeon |    374 |    374 |      0 |     67 |    168 |   1 |  374.0 |
               +--------+--------+--------+--------+--------+-----+--------+

Top non-repeatable levels by time:
     D:1: 374 daAuts
